 Dungeon Crawl Stone Soup version 0.31-a0-455-g1a7b003ef0 (webtiles) character file.

Game seed: 11809940320852095620

2243 Twinkles the Ruffian (level 9, -6/106 HPs)
             Began as a Demonspawn Shapeshifter on Aug 3, 2023.
             Mangled by a two-headed ogre
             ... wielding a +0 giant club
              (21 damage)
             ... on level 5 of the Dungeon on Aug 4, 2023.
             The game lasted 00:28:13 (8401 turns).

Twinkles the Ruffian (Demonspawn Shapeshifter)      Turns: 8401, Time: 00:28:13

Health: -6/106     AC: 24    Str: 20    XL:     9   Next: 14%
Magic:  9/9        EV:  2    Int:  9    God:
Gold:   203        SH:  0    Dex: 14    Spells: 8/8 levels left

rFire   . .          .
                       - Unarmed
rCold   . . .        (no shield)
rNeg    . . .        A - melded +1 ring mail {rPois}
rPois   +            (helmet currently unavailable)
rElec   .            (cloak currently unavailable)
rCorr   .            l - melded +1 pair of gloves
SInv    +            D - melded +0 pair of boots
Will    .....        (no amulet)
Stlth   +            f - ring of see invisible
HPRegen 0.37/turn    (no ring)
MPRegen 0.11/turn

%: no passive effects
@: tree-form
A: stationary, stasis, torment immunity, boosted hp, (antennae 1), demonic
guardian 1, powered by pain 2
a: no special abilities


You were on level 5 of the Dungeon.
You were a tree.
You visited 1 branch of the dungeon, and saw 6 of its levels.

You collected 203 gold pieces.

Inventory:

Hand Weapons
 a - a +2 short sword of speed
 b - a +1 sling of flaming
 z - a +2 flail of draining
Missiles
 e - 2 throwing nets
 h - 11 poisoned darts
 i - 6 javelins
 G - a curare-tipped dart
Armour
 l - a +1 pair of gloves (melded)
 A - a +1 ring mail of poison resistance (melded)
 D - a +0 pair of boots (melded)
Jewellery
 f - a ring of see invisible (left branch)
 B - an amulet of the acrobat
 C - a ring of magical power
Talismans
 c - a beast talisman
 v - a storm talisman
Wands
 d - a wand of digging (3)
Scrolls
 g - 2 scrolls of revelation
 k - a scroll of enchant armour {unknown}
 n - a scroll of identify {unknown}
 o - a scroll of immolation {unknown}
 p - a scroll of fear {unknown}
 q - 2 scrolls of noise {unknown}
 r - 2 scrolls of teleportation {unknown}
 u - 2 scrolls of torment {unknown}
 y - 2 scrolls of amnesia {unknown}
Potions
 j - 3 potions of heal wounds {unknown}
 m - 3 potions of curing {unknown}
 s - 2 potions of mutation {unknown}
 t - a potion of haste {unknown}
 w - 4 potions of brilliance {unknown}
 x - a potion of might {unknown}
 E - a potion of enlightenment {unknown}
 F - a potion of cancellation {unknown}
 P - a potion of lignification


   Skills:
 + Level 6.4 Fighting
 - Level 5.3 Dodging
 + Level 6.4 Unarmed Combat
 + Level 5.3 Shapeshifting


You had 8 spell levels left.
You didn't know any spells.
Your spell library contained the following spells:

 Spells                   Type           Power      Damage    Failure   Level
 Chain Lightning          Conj/Air       0%         N/A       100%        9
 Fire Storm               Conj/Fire      0%         5d1       100%        9
 Shatter                  Erth           0%         3d5*      100%        9


Dungeon Overview and Level Annotations

Branches:
Dungeon (6/15) Zot: 24609
 Temple: D:4-7

Altars:
Qazlal

Shops:
D:2 *   D:6 (

Annotations:
D:2 Sigmund
D:5 3 runed translucent doors, osoart's ghost, amateur DgSh
D:6 4 exclusions


Innate Abilities, Weirdness & Mutations

You are a tree.
Your roots penetrate the ground, keeping you stationary.
You cannot be teleported.
You are immune to unholy pain and torment.
Your maximum health is greatly increased.
Your equipment is partially melded.
((You have a pair of small antennae on your head.))
A weak demonic guardian rushes to your aid.
You sometimes gain power by taking damage.


Message History

The two-headed ogre shouts in stereo!
The two-headed ogre misses you.
The two-headed ogre completely misses you.
There is a stone staircase leading up, spattered with blood here.
You climb upwards.
Level annotation: 3 runed translucent doors, osoart's ghost, amateur DgSh
There is a stone staircase leading down, spattered with blood here.
You hit the two-headed ogre.
The two-headed ogre is lightly wounded.
The two-headed ogre barely misses you.
The two-headed ogre hits you with a +0 giant club!
You hit the two-headed ogre but do no damage.
The two-headed ogre is lightly wounded.
You hit the two-headed ogre. Your punch misses the two-headed ogre.
The two-headed ogre is lightly wounded.
The two-headed ogre hits you with a +0 giant club!
The two-headed ogre hits you with a +0 giant club!!
Sorry, you're not good enough to have a special ability.
Unknown command.
Unknown command.
Really quaff the potion of lignification?
You turn into a tree.
Your +1 pair of gloves melds into your body.
Your +0 pair of boots melds into your body.
Your +1 ring mail of poison resistance melds into your body.
You no longer feel resistant to poison.
Your roots penetrate the ground.
You are now empty-handed.
The two-headed ogre hits you with a +0 giant club!!
* * * LOW HITPOINT WARNING * * *
The two-headed ogre hits you with a +0 giant club!
* * * LOW HITPOINT WARNING * * *
A demonic guardian appears!
You barely miss the two-headed ogre.
The two-headed ogre is lightly wounded.
You pummel the two-headed ogre!!
The two-headed ogre is heavily wounded.
Your shadow imp hits the two-headed ogre but does no damage.
The two-headed ogre hits you but does no damage.
The two-headed ogre hits you with a +0 giant club!!
You die...

......................#
......................#
......................#
.#'####†..............#
.#.# #...............#
.#.# #...............#
.#.# #################
...###############
................♣#
.#########...###O#
.............# #5#
.............# #.#
..........#### #.#
..........# #.#
..........######.#
.................#
.................#


You could see a two-headed ogre (ally target) and a friendly shadow imp
(summoned).

Vanquished Creatures
  Edmund (D:4)
  5 black bears
  An orc warrior (D:6)
  3 sky beasts
  A phantom (D:5)
  A kobold brigand (D:6)
  6 scorpions
  A hound (D:6)
  2 jellies
  A gnoll bouda (D:5)
  4 iguanas
  3 orc wizards
  Robin (D:3)
  8 gnolls
  11 adders
  2 white imps (D:5)
  2 ufetubi
  4 dart slugs
  11 orcs
  8 ball pythons
  6 endoplasms
  A giant cockroach (D:1)
  16 goblins
  7 hobgoblins
  3 jackals
  14 kobolds
  6 quokkas
  3 bats
  3 frilled lizards
  3 rats
138 creatures vanquished.

Vanquished Creatures (collateral kills)
  An ice beast (D:5)
  An ogre (D:6)
2 creatures vanquished.

Grand Total: 140 creatures vanquished

Notes
Turn   | Place    | Note
-------+----------+-------------------------------------------
     0 | D:1      | Twinkles the Demonspawn Shapeshifter began the quest for
                  | the Orb.
     0 | D:1      | Reached XP level 1. HP: 15/15 MP: 1/1
   268 | D:1      | Found a faded altar of an unknown god.
   391 | D:1      | You fall into a shaft and drop 1 floor!
   394 | D:2      | Noticed Sigmund
   414 | D:2      | Found Mofas's General Store.
   444 | D:2      | Noticed an iguana
   625 | D:1      | Gained mutation: You have a pair of small antennae on your
                  | head. [demonic ancestry]
   625 | D:1      | Reached XP level 2. HP: 21/21 MP: 2/2
  1224 | D:2      | Reached XP level 3. HP: 27/27 MP: 3/3
  1419 | D:2      | Reached XP level 4. HP: 33/33 MP: 4/4
  2371 | D:3      | Noticed Robin
  2383 | D:3      | Reached XP level 5. HP: 38/39 MP: 5/5
  2412 | D:3      | Killed Robin
  2567 | D:3      | HP: 9/40 [gnoll/+0 spear (5)]
  2572 | D:3      | HP: 3/40 [gnoll/+0 spear (6)]
  2573 | D:3      | HP: 1/40 [gnoll/+0 spear (3)]
  2918 | D:4      | Noticed a black bear
  3566 | D:4      | Noticed a black bear
  3666 | D:4      | Noticed Edmund
  3683 | D:4      | HP: 10/36 [Edmund/+2 flail of draining (10)]
  3691 | D:4      | HP: 9/45 [Edmund/+2 flail of draining (1)]
  3693 | D:4      | Killed Edmund
  3694 | D:4      | Gained mutation: A weak demonic guardian rushes to your
                  | aid. [demonic ancestry]
  3694 | D:4      | Reached XP level 6. HP: 11/43 MP: 6/6
  4110 | D:4      | Gained mutation: You sometimes gain a little power by
                  | taking damage. [demonic ancestry]
  4110 | D:4      | Reached XP level 7. HP: 38/53 MP: 7/7
  4607 | D:5      | Entered Level 5 of the Dungeon
  4800 | D:5      | Found a runed translucent gate.
  4801 | D:5      | Found a runed translucent gate.
  4963 | D:5      | Found a stormy altar of Qazlal.
  5237 | D:5      | Reached skill level 5 in Unarmed Combat
  5274 | D:4      | Reached XP level 8. HP: 42/61 MP: 8/8
  5616 | D:5      | Reached skill level 5 in Fighting
  5762 | D:5      | Noticed osoart's ghost (amateur DgSh)
  5763 | D:5      | Found a runed translucent gate.
  6148 | D:5      | Reached skill level 5 in Dodging
  6830 | D:6      | HP: 19/64 [orc/+0 hand axe (5)]
  7275 | D:6      | Reached skill level 5 in Shapeshifting
  7454 | D:6      | Found Boyge's Weapon Shop.
  7635 | D:6      | Gained mutation: You sometimes gain power by taking damage.
                  | [demonic ancestry]
  7635 | D:6      | Reached XP level 9. HP: 60/69 MP: 9/9
  7642 | D:6      | HP: 12/69 [ogre/+0 giant club (25)]
  8260 | D:6      | Noticed a cyclops
  8392 | D:6      | Noticed a two-headed ogre
  8399 | D:5      | HP: 22/106 [two-headed ogre/+0 giant club (18)]
  8401 | D:5      | Mangled by a two-headed ogre

Illustrated notes

Levels and vault maps discovered:
D:1:      denvon_arrival_planthouse, layout_basic,
          nicolae_ecumenical_snake_handling, hangedman_decor_growths
D:2:      layout_loops_ring, serial_shops, shop,
          nicolae_kite_square_tiling_tiny, uniq_sigmund
D:3:      minmay_spotlight, layout_rooms, serial_aquarium,
          aquarium_bridge_square [aquarium_subvault_bridge,
          aquarium_subvault_wall, aquarium_subvault_wall,
          aquarium_subvault_balcony], aquarium_bridge_long_joined
          [aquarium_subvault_window, aquarium_subvault_window,
          aquarium_subvault_wall, aquarium_subvault_window,
          aquarium_subvault_wall, aquarium_subvault_bridge], aquarium_window_1,
          aquarium_window_2, aquarium_view_2e, aquarium_view_2f,
          minmay_misc_feat_chi, uniq_robin
D:4:      layout_loops_corners, uniq_edmund
D:5:      corexii_shack_village, layout_basic, nicolae_qazlal_beasts_of_the_sky,
          gammafunk_ghost_split
D:6:      kennysheep_big_flooded_room, layout_loops_cross,
          nzn_hepliaklqana_mist_gate, serial_shops,
          nicolae_shop_tiny_waterfront, amcnicky_mini_pool_medium

Skill      XL: |  1  2  3  4  5  6  7  8 |
---------------+-------------------------+-----
Dodging        | 2 3 4 5 |  5.3
Unarmed Combat | 3 4 5 6 |  6.4
Fighting       | 2 3 4 6 |  6.4
Shapeshifting  | 3 4 5 |  5.3

Action                     |  1- 3 |  4- 6 |  7- 9 || total
---------------------------+-------+-------+-------++-------
  Melee: Short sword       |    13 |   163 |   516 ||   692
         Unarmed           |     2 |    10 |     2 ||    14
         Punch             |     1 |     5 |    18 ||    24
   Fire: Sling             |    37 |   100 |    34 ||   171
Ability: Begin Untransform |     1 |       |       ||     1
    Use: Potion            |       |     1 |     1 ||     2
         Scroll            |       |     1 |       ||     1
   Stab: Sleeping          |     1 |       |       ||     1
 Armour: Animal skin       |     5 |    33 |       ||    38
         Skin              |       |     7 |     1 ||     8
         Ring mail         |       |    11 |   168 ||   179
  Dodge: Dodged            |    14 |   102 |   235 ||   351

Table legend: (Time is in decaauts)
 A = Elapsed time spent in this place.
 B = Non-inter-level travel time spent in this place.
 C = Inter-level travel time spent in this place.
 D = Time resting spent in this place.
 E = Time spent auto-exploring this place.
 F = Levels seen in this place.
 G = Mean time per level.
                   A        B        C        D        E       F      G
               +--------+--------+--------+--------+--------+-----+--------+
         Total |   8239 |   7465 |    774 |   1028 |   4816 |   6 | 1373.2 |
       Dungeon |   8239 |   7465 |    774 |   1028 |   4816 |   6 | 1373.2 |
               +--------+--------+--------+--------+--------+-----+--------+

Top non-repeatable levels by time:
     D:5: 2162 daAuts
     D:4: 1424 daAuts
     D:6: 1305 daAuts
     D:1: 1157 daAuts
     D:3: 1108 daAuts
     D:2: 1080 daAuts
